 Dungeon Crawl Stone Soup version 0.18-a0-1468-gaf180a1 (webtiles) character file.

529 namelastname112 the Martial Artist (level 7, 57/57 HPs)
             Began as a Yellow Draconian Monk on Mar 2, 2016.
             Quit the game on level 4 of the Dungeon.
             The game lasted 00:02:58 (3003 turns).

namelastname112 the Martial Artist (DrMo)           Turns: 3003, Time: 00:02:58

Health: 57/57      AC:  7    Str: 13    XL:     7   Next: 3%
Magic:  7/7        EV: 13    Int: 11    God:
Gold:   130        SH:  0    Dex: 15    Spells: 0 memorised, 6 levels left

rFire  . . .     SeeInvis .       - Unarmed
rCold  . . .     Gourm    .     (armour unavailable)
rNeg   . . .     Faith    .     (no shield)
rPois  .         Spirit   .     (helmet restricted)
rElec  .         Dismiss  .     k - -1 cloak (curse)
rCorr  +         Reflect  .     (no gloves)
SustAt .         Harm     .     o - +0 pair of boots
MR     .....     Rnd*Tele +     u - amulet of rage
Stlth  ++........               (no ring)
                                l - ring of teleportation (curse)

@: not resistant to hostile enchantments, unstealthy
A: spit acid, acid resistance, unfitting armour, cold-blooded, AC +6
a: Spit Acid, Evoke Berserk Rage


You were on level 4 of the Dungeon.
You were hungry.

You visited 1 branch of the dungeon, and saw 4 of its levels.

You collected 130 gold pieces.

Inventory:

Missiles
 j - 8 curare-tipped needles
Armour
 k - a cursed -1 cloak (worn)
 o - a +0 pair of boots (worn)
Jewellery
 l - a cursed ring of teleportation (left hand)
 u - an amulet of rage (around neck)
Wands
 r - a wand of flame (41/48)
 s - a wand of slowing (29/48)
Scrolls
 b - 2 scrolls of teleportation {unknown}
 c - 3 scrolls of identify {unknown}
 e - a scroll of remove curse {unknown}
 f - a scroll of random uselessness {unknown}
 t - a scroll of blinking {unknown}
 v - a scroll of recharging {unknown}
Potions
 d - 2 potions of flight {unknown}
 h - a potion of curing {unknown}
 i - a potion of haste {unknown}
 n - a potion of degeneration {unknown}
 p - 2 potions of cancellation {unknown}
 q - a potion of lignification {unknown}
Comestibles
 a - 3 bread rations
 g - a royal jelly
 m - 3 meat rations
 w - 18 fruits


   Skills:
 - Level 3.2 Fighting
 - Level 2.6 Dodging
 - Level 1.7 Stealth
 + Level 8.5 Unarmed Combat


You had 6 spell levels left.
You didn't know any spells.

Dungeon Overview and Level Annotations

Branches:
Dungeon (4/15)
 Temple: D:4-7

Altars:
Dithmenos
Fedhas
Trog
Xom


Innate Abilities, Weirdness & Mutations

You can spit globs of acid.
You are resistant to acid.
Your golden yellow scales are hard (AC +6).
Your body does not fit into most forms of armour.
You are cold-blooded and may be slowed by cold attacks.


Message History

No target in view!
No target in view!
No target in view!
No target in view!
No target in view!
No target in view!
No target in view!
No target in view!
No target in view!
No target in view!
No target in view!
You open the door.
There is an open door here.
m - 3 meat rations (gained 1) Done exploring.
Done exploring.
Done exploring.
Done exploring.
Done exploring.
Are you sure you want to abandon this character and quit the game? (Confirm with "yes".)

#..... #.....
#..... #.....
##################
#.......#...#.....
#.......#...'.....
#.......#...#.....
#@......#...#.....
#.......#...#.....
#.......#>..#.....
#.......#...#.....
#.......#...#.....
#.......###'#.....
#####'####.....###
#.......#.....#
#.......'.....#


There were no monsters in sight!

Vanquished Creatures
  An ogre (D:4)
  A phantom (D:4)
  A scorpion (D:4)
  A howler monkey (D:4)
  An orc wizard (D:3)
  A centaur skeleton (D:4)
  A giant frog skeleton (D:4)
  Ijyb (D:3)
  Natasha (twice) (D:4)
  3 adders (D:4)
  2 oozes
  3 dart slugs
  A worm (D:2)
  3 giant geckos (D:4)
  3 orcs (D:3)
  8 bats
  5 giant cockroaches
  6 goblins
  8 hobgoblins
  10 jackals
  A quokka (D:2)
  4 giant newts
  A jackal skeleton (D:4)
  3 kobolds
  8 rats
79 creatures vanquished.

Notes
Turn   | Place    | Note
--------------------------------------------------------------
     0 | D:1      | namelastname112 the Draconian Monk began the quest for the Orb.
     0 | D:1      | Reached XP level 1. HP: 19/19 MP: 1/1
   211 | D:1      | Reached XP level 2. HP: 26/26 MP: 2/2
   623 | D:2      | Reached skill level 5 in Unarmed Combat
   623 | D:2      | Reached XP level 3. HP: 23/31 MP: 3/3
   954 | D:2      | Found a shimmering altar of Xom.
  1237 | D:3      | Found a blossoming altar of Fedhas.
  1416 | D:3      | Reached XP level 4. HP: 15/38 MP: 4/4
  1626 | D:3      | Reached skill level 6 in Unarmed Combat
  1832 | D:3      | Noticed Ijyb
  1839 | D:3      | Killed Ijyb
  1879 | D:3      | Reached XP level 5. HP: 42/45 MP: 5/5
  2054 | D:4      | Noticed a phantom
  2092 | D:4      | Killed a phantom
  2092 | D:4      | Reached skill level 7 in Unarmed Combat
  2092 | D:4      | Reached XP level 6. HP: 35/51 MP: 6/6
  2249 | D:4      | Reached skill level 8 in Unarmed Combat
  2532 | D:4      | Noticed Natasha
  2538 | D:4      | Killed Natasha
  2770 | D:4      | Noticed Natasha
  2777 | D:4      | Killed Natasha
  2777 | D:4      | Your scales start taking on a golden yellow colour.
  2777 | D:4      | Reached XP level 7. HP: 52/57 MP: 7/7
  2824 | D:4      | Found a bloodstained altar of Trog.
  2863 | D:4      | Found a shadowy altar of Dithmenos.
  3003 | D:4      | Quit the game

Vault maps used:
D:1:      dpeg_arrival_shrine
D:2:      overflow_temple_1_default
D:3:      fedhas_altar_2, uniq_iyjb
D:4:      nicolae_overflow_hidden_temple, dk_vineyard_1, bloody_trog,
          uniq_natasha

Skill      XL: |  1  2  3  4  5  6 |
---------------+-------------------+-----
Unarmed Combat | 5 6 7 8 |  8.5
Fighting       | |  3.2
Dodging        | |  2.6
Stealth        | |  1.7

Action                   |  1- 3 |  4- 6 |  7- 9 || total
-------------------------+-------+-------+-------++-------
Melee: Unarmed           |   156 |   109 |     2 ||   267
 Stab: Sleeping          |     8 |     3 |       ||    11
  Eat: Chunk             |     1 |     3 |       ||     4
       Royal jelly       |       |     1 |       ||     1
